AoeStats
← Elmo

Oasis

508287718Analyzed
3v3 RM · 10d ago on Sep 21, 2026· 51m 42s· 6 players
Game mode
Random Map
Map size
Normal (6 player)
Population
200
Speed
Normal
Resources
Standard
Victory
Conquest
Starting age
Dark Age
Ending age
Imperial Age
RankedLock teamsTeams togetherTeam positionsShared explorationLock speedFull tech treeHidden civsTurbo modeCheats
Victory
Defeat
🇬🇧 Hindustanis · United Kingdom
1322
+10
🇬🇧 Magyars · United Kingdom
1257
+12
🇬🇧 Vietnamese · United Kingdom
1238
+13
🇬🇧 Wei · United Kingdom
1179
-12
🇬🇧 Britons · United Kingdom
1178
-12
🇬🇧 Mongols · United Kingdom
1166
-11
Elmo
5:17 Loom
11:59 Feudal Age
14:09 Horse Collar
14:15 Double-Bit Axe
18:25 Castle Age
21:40 Bow Saw
22:52 Fletching
24:29 Bloodlines
26:48 Bodkin Arrow
27:52 Padded Archer Armor
29:39 Ballistics
35:20 Wheelbarrow
35:09 Leather Archer Armor
36:32 Husbandry
40:03 Imperial Age
38:29 Thumb Ring
38:54 Masonry
40:44 Bracer
40:47 Recurve Bow
41:53 Chemistry
42:30 Ring Archer Armor
42:05 Town Watch
43:23 Parthian Tactics
44:43 Hand Cart
46:04 Heavy Cavalry Archer
47:08 Conscription
47:03 Caravan
48:09 Gold Mining
48:11 Stone Mining
49:00 Town Patrol
50:56 Corvinian Army
nickface
11:24 Feudal Age
14:08 Loom
18:33 Castle Age
16:21 Horse Collar
16:34 Double-Bit Axe
16:42 Gold Mining
17:03 Scale Barding Armor
18:04 Forging
21:26 Husbandry
23:08 Bloodlines
25:23 Iron Casting
26:23 Wheelbarrow
27:45 Hand Cart
32:38 Chain Barding Armor
33:19 Heavy Plow
33:36 Bow Saw
34:41 Stone Mining
35:58 Gold Shaft Mining
39:51 Imperial Age
39:51 Stone Shaft Mining
39:55 Heavy Camel Rider
41:14 Plate Barding Armor
41:40 Blast Furnace
41:18 Caravan
42:31 Two-Man Saw
41:43 Imperial Camel Rider
45:55 Conscription
Mojojojo
6:53 Loom
10:42 Feudal Age
11:17 Horse Collar
11:46 Double-Bit Axe
15:40 Fletching
17:48 Padded Archer Armor
20:20 Wheelbarrow
24:37 Castle Age
22:39 Gold Mining
23:04 Stone Mining
24:43 Crossbowman
25:20 Bodkin Arrow
26:19 Leather Archer Armor
28:34 Heavy Plow
28:44 Bow Saw
29:11 Stone Shaft Mining
32:39 Hand Cart
32:28 Elite Skirmisher
34:57 Ballistics
34:50 Fortified Wall
34:36 Murder Holes
37:17 Imperial Age
36:13 Chatras
36:21 Thumb Ring
36:25 Scale Barding Armor
38:04 Bracer
38:34 Ring Archer Armor
39:09 Chemistry
37:38 Imperial Skirmisher
38:43 Siege Engineers
40:43 Paper Money
41:25 Elite Rattan Archer
43:29 Crop Rotation
44:01 Two-Man Saw
44:19 Murder Holes
44:05 Treadmill Crane
45:28 Chain Barding Armor
45:18 Forging
45:09 Scale Mail Armor
45:36 Caravan
46:06 Coinage
45:47 Guilds
46:29 Bloodlines
46:20 Husbandry
46:59 Plate Barding Armor
ScotJ
6:11 Loom
9:29 Feudal Age
9:54 Double-Bit Axe
9:50 Horse Collar
12:29 Wheelbarrow
13:31 Town Watch
18:58 Castle Age
17:19 Gold Mining
18:20 Scale Barding Armor
19:17 Forging
19:18 Bloodlines
19:49 Bow Saw
19:44 Heavy Plow
19:30 Light Cavalry
21:20 Husbandry
21:15 Fletching
22:22 Gold Shaft Mining
23:13 Thumb Ring
24:54 Bodkin Arrow
25:31 Ballistics
26:37 Padded Archer Armor
28:29 Hand Cart
28:22 Stone Mining
29:27 Leather Archer Armor
33:44 Imperial Age
34:30 Masonry
35:07 Parthian Tactics
35:38 Bracer
36:08 Ring Archer Armor
36:40 Chemistry
38:36 Crop Rotation
38:30 Chain Barding Armor
37:33 Hussar
39:28 Heavy Hei Guang Cavalry
40:34 Scale Mail Armor
41:13 Iron Casting
41:52 Stone Shaft Mining
43:10 Blast Furnace
leech
4:58 Loom
8:34 Feudal Age
10:14 Double-Bit Axe
12:37 Town Watch
16:14 Wheelbarrow
16:40 Bloodlines
17:15 Horse Collar
23:03 Castle Age
20:57 Gold Mining
21:17 Fletching
21:27 Padded Archer Armor
22:21 Scale Barding Armor
22:27 Forging
23:59 Bow Saw
23:51 Husbandry
24:22 Chain Barding Armor
26:13 Hand Cart
30:11 Iron Casting
35:31 Imperial Age
35:44 Onager
38:05 Blast Furnace
36:44 Heavy Camel Rider
39:51 Siege Onager
40:21 Elite Steppe Lancer
43:31 Conscription
44:05 Heavy Scorpion
47:46 Ballistics
51:47 Chemistry
52:33 Drill
Nate The Great
7:05 Loom
9:39 Feudal Age
10:55 Double-Bit Axe
10:51 Horse Collar
14:23 Fletching
15:29 Wheelbarrow
16:26 Padded Archer Armor
20:19 Castle Age
21:14 Bow Saw
20:56 Gold Mining
20:53 Crossbowman
22:04 Bodkin Arrow
26:18 Leather Archer Armor
29:49 Elite Skirmisher
32:30 Husbandry
33:38 Scale Barding Armor
35:08 Forging
35:38 Ballistics
37:02 Town Watch
38:26 Hand Cart
39:16 Chain Barding Armor
39:32 Iron Casting
43:02 Imperial Age
42:43 Guard Tower
44:24 Bracer
44:54 Ring Archer Armor
44:39 Cavalier
46:02 Plate Barding Armor
46:27 Blast Furnace
Connection lost

Rejoining the realm…

Still unreachable

The connection could not be restored.

Session expired

The server has moved on; the page needs a fresh start.